 Dungeon Crawl Stone Soup version 0.30.1-11-g7821555f0a (webtiles) character file.

Game seed: 6390547812439116404

25 Okkudo the Chopper (level 3, -1/31 HPs)
             Began as a Hill Orc Monk on Dec 9, 2023.
             Slain by a gnoll
             ... wielding a +0 flail
              (11 damage)
             ... on level 2 of the Dungeon.
             The game lasted 00:02:09 (819 turns).

Okkudo the Chopper (Hill Orc Monk)                   Turns: 819, Time: 00:02:10

Health: -1/31      AC:  5    Str: 15    XL:     3   Next: 4%
Magic:  3/3        EV: 11    Int: 10    God:
Gold:   44         SH:  0    Dex: 13    Spells: 2/2 levels left

rFire   . . .        a - +0 hand axe
rCold   . . .        d - orb {light}
rNeg    . . .        e - +0 ring mail
rPois   +            (no helmet)
rElec   .            (no cloak)
rCorr   .            (no gloves)
SInv    .            (no boots)
Will    .....        (no amulet)
Stlth   +            m - ring of poison resistance
HPRegen 0.25/turn    (no ring)
MPRegen 0.08/turn

%: no passive effects
@: glowing
A: no striking features
a: no special abilities


You were on level 2 of the Dungeon.
You visited 1 branch of the dungeon, and saw 2 of its levels.

You collected 44 gold pieces.

Inventory:

Hand Weapons
 a - a +0 hand axe (weapon)
Missiles
 f - 3 javelins
 n - 4 curare-tipped darts (quivered)
Armour
 d - an orb of light (worn)
 e - a +0 ring mail (worn)
Jewellery
 m - a ring of poison resistance (left hand)
Scrolls
 h - a scroll of teleportation {unknown}
 j - a scroll of torment {unknown}
 k - a scroll of brand weapon {unknown}
Potions
 b - 2 potions of heal wounds {unknown}
 c - a potion of ambrosia
 g - 2 potions of might {unknown}
 i - a potion of mutation {unknown}
 l - a potion of attraction {unknown}
 o - a potion of lignification {unknown}


   Skills:
 - Level 3.6 Fighting
 * Level 5.5 Axes
 - Level 2.4 Dodging


You had 2 spell levels left.
You didn't know any spells.
Your spell library contained the following spells:

 Spells                   Type           Power      Damage    Failure   Level
 Poisonous Vapours        Pois/Air       0%         N/A       75%         2
 Mephitic Cloud           Conj/Pois/Air  0%         N/A       92%         3
 Freezing Cloud           Conj/Ice/Air   0%         6-21      100%        5


Dungeon Overview and Level Annotations

Branches:
Dungeon (2/15)

Altars:

Shops:
D:1 (


Message History

There is a large open door here.
You open the large door.
A gnoll comes into view. It is wielding a +0 club.
Found a metallic yellow potion, 5 stones and a fuming black potion.
A gnoll comes into view. It is wielding a +0 halberd.
The gnoll shouts!
You hear a shout!
A gnoll comes into view. It is wielding a +0 flail.
An adder comes into view.
There is a large open door here.
The adder hisses angrily.
The gnoll hits you with a +0 club.
You hit the gnoll.
The gnoll is lightly wounded.
The gnoll hits you with a +0 club.
You hit the gnoll.
The gnoll is lightly wounded.
The gnoll hits you with a +0 club. The gnoll barely misses you.
The gnoll closely misses you.
There is a large open door here.
You barely miss the gnoll.
The gnoll is lightly wounded.
The gnoll barely misses you.
You hit the gnoll.
The gnoll is moderately wounded.
The adder bites you but does no damage. The gnoll hits you with a +0 club.
You slash the gnoll!
The gnoll is severely wounded.
You barely miss the adder. The adder barely misses you.
The adder bites you but does no damage. The gnoll closely misses you.
The gnoll hits you with a +0 halberd. The gnoll hits you with a +0 club.
The adder bites you.
There is a large open door here.
You hit the gnoll but do no damage. x2; You barely miss the adder.
You hit the gnoll. The adder bites you but does no damage.
The gnoll barely misses you. The gnoll closely misses you.
The gnoll barely misses you.
You hit the gnoll but do no damage. x2; You hit the adder.
You hit the gnoll but do no damage. The adder barely misses you.
The gnoll hits you with a +0 flail!
You die...

......... #........ #...(!...
#........ #....!... #........
##........ #.gg......
####S@####... #########
##§≈§g§≈§≈##
#.......###≈§≈≈§.≈≈§§##
#....<..##≈≈§§§..§§≈≈≈## ##
#......##≈≈≈§≈≈..≈≈≈≈§≈## .#
#.....##≈≈≈§≈≈§..≈§≈§≈≈§##..###.#
#.....#≈≈≈≈≈≈≈≈..≈≈§§§≈§§#.......
#.....#≈≈≈≈≈≈≈≈..≈≈§§§≈§≈# .....#
#.....#≈≈≈≈≈≈≈≈..§≈≈§≈§≈§###....#


You could see 3 gnolls and an adder.

Vanquished Creatures
  2 endoplasms (D:1)
  3 giant cockroaches (D:1)
  2 hobgoblins
  3 quokkas (D:1)
  3 ball pythons
  5 bats
  3 kobolds (D:1)
  2 rats (D:1)
23 creatures vanquished.

Notes
Turn   | Place    | Note
-------+----------+-------------------------------------------
     0 | D:1      | Okkudo the Hill Orc Monk began the quest for the Orb.
     0 | D:1      | Reached XP level 1. HP: 19/19 MP: 1/1
   140 | D:1      | Found Tusuzui's Antique Weapon Shop.
   157 | D:1      | Reached XP level 2. HP: 25/26 MP: 2/2
   418 | D:1      | Reached skill level 5 in Axes
   717 | D:2      | Reached XP level 3. HP: 28/31 MP: 3/3
   819 | D:2      | Slain by a gnoll

Illustrated notes

Levels and vault maps discovered:
D:1:      ncdulo_watergridlock, layout_loops_ring, serial_shops, shop
D:2:      kennysheep_big_flooded_room, layout_rooms, uniq_crazy_yiuf_cottage

Skill      XL: |  1  2 |
---------------+-------+-----
Axes           | 5 |  5.5
Fighting       | |  3.6
Dodging        | |  2.4

Action                     || total
---------------------------++-------
  Melee: Hand axe          ||    71
 Armour: Ring mail         ||    37
         Robe              ||     6
  Dodge: Dodged            ||    68
